TOP OF THE 1ST |
Philadelphia Phillies batting - Pitching for Washington Nationals : LHP Jaden Asante
|
Pitching: LHP Jaden Asante
|
|
Batting: LHB Eric Katz
|
0-0: Ball 1-0: Ball 2-0: Ball 3-0: Called Strike 3-1: Foul Ball, location: 2F 3-2: Base on Balls
|
Batting: RHB Tommie Eaton
|
0-0: Ball 1-0: Ball 2-0: Called Strike 2-1: Foul Ball, location: 2F 2-2: Foul Ball, location: 2F 2-2: Foul Ball, location: 2F 2-2: SINGLE (Line Drive, 34D, EV 96.2 MPH) Eric Katz to second Runner from 2nd tries for 3rd, SAFE, throw by RF made to third
|
Batting: RHB Chef Belew
|
0-0: Called Strike 0-1: Ball 1-1: Ball 2-1: Ball 3-1: Base on Balls Tommie Eaton to second
|
Batting: SHB Lance Franklin
|
0-0: Called Strike 0-1: Ball 1-1: Fly out, F9 (Flyball, 9S, EV 91.2 MPH) Runner from 3rd tags up, SCORES, throw by RF Tommie Eaton to third
|
Batting: RHB Josh Hensley
|
0-0: Foul Ball, location: 2F 0-1: SINGLE (Line Drive, 9S, EV 108.8 MPH) Tommie Eaton scores Chef Belew to second
|
Batting: SHB Pete Barutha
|
0-0: Called Strike 0-1: Foul Ball, location: 2F 0-2: Strikes out swinging
|
Batting: LHB Ryan Trombley
|
0-0: Ball 1-0: Called Strike 1-1: Ball 2-1: Ball 3-1: Base on Balls Chef Belew to third Josh Hensley to second
|
Batting: LHB Nick Canizales
|
0-0: Ball 1-0: Fly out, F6 (Line Drive, 6M, EV 62.5 MPH)
|
Top of the 1st over - 2 runs, 2 hits, 0 errors, 3 left on base; Philadelphia 2 - Washington 0 |
BOTTOM OF THE 1ST |
Washington Nationals batting - Pitching for Philadelphia Phillies : RHP Sean Hill
|
Pitching: RHP Sean Hill
|
|
Batting: RHB Hisayuki Akiyama
|
0-0: Swinging Strike 0-1: Foul Ball, location: 2F 0-2: Ball 1-2: Ball 2-2: DOUBLE (Line Drive, 78D, EV 93.8 MPH)
|
Batting: LHB Kyung-jin Cho
|
0-0: Fly out, F6 (Popup, 4MD, EV 53.8 MPH)
|
Batting: LHB Jeff Luvisi
|
0-0: Ball 1-0: 2-RUN HOME RUN (Flyball, 7LD, EV 95.6 MPH), Distance : 356 ft
|
Batting: LHB Alexis Cantu
|
0-0: Ball 1-0: Called Strike 1-1: Called Strike 1-2: Ground out U3 (Groundball, 3, EV 89.4 MPH)
|
Batting: RHB Jesse Basich
|
0-0: DOUBLE (Line Drive, 7LS, EV 102.5 MPH)
|
Batting: RHB Dan Fallon
|
0-0: Called Strike 0-1: Ball 1-1: Swinging Strike 1-2: Foul Ball, location: 2F 1-2: Strikes out looking
|
Bottom of the 1st over - 2 runs, 3 hits, 0 errors, 1 left on base; Philadelphia 2 - Washington 2 |
TOP OF THE 2ND |
Philadelphia Phillies batting - Pitching for Washington Nationals : LHP Jaden Asante
|
Batting: LHB Jim Beaver
|
0-0: Called Strike 0-1: Ball 1-1: Ball 2-1: Foul Ball, location: 2F 2-2: Ball 3-2: Ground out 1-3 (Groundball, P, EV 62.5 MPH)
|
Batting: LHB Eric Katz
|
0-0: Ball 1-0: Ball 2-0: Called Strike 2-1: Swinging Strike 2-2: Strikes out swinging
|
Batting: RHB Tommie Eaton
|
0-0: Swinging Strike 0-1: Ball 1-1: Foul Ball, location: 2F 1-2: Strikes out swinging
|
Top of the 2nd over - 0 runs, 0 hits, 0 errors, 0 left on base; Philadelphia 2 - Washington 2 |
BOTTOM OF THE 2ND |
Washington Nationals batting - Pitching for Philadelphia Phillies : RHP Sean Hill
|
Batting: LHB Dillon Gonzalez
|
0-0: Ball 1-0: Foul Ball, location: 2F 1-1: Ball 2-1: Foul Ball, location: 2F 2-2: Foul Ball, location: 2F 2-2: Ground out 6-3 (Groundball, 6, EV 80.6 MPH)
|
Batting: RHB Justin Bonner
|
0-0: Ball 1-0: Ball 2-0: Ball 3-0: Fly out, F8 (Flyball, 8RXD, EV 109.4 MPH)
|
Batting: RHB Takanibu Kaneshiro
|
0-0: Ball 1-0: Ball 2-0: Called Strike 2-1: Foul Ball, location: 2F 2-2: Foul Ball, location: 2F 2-2: Foul Ball, location: 2F 2-2: Foul Ball, location: 2F 2-2: Strikes out swinging
|
Bottom of the 2nd over - 0 runs, 0 hits, 0 errors, 0 left on base; Philadelphia 2 - Washington 2 |
TOP OF THE 3RD |
Philadelphia Phillies batting - Pitching for Washington Nationals : LHP Jaden Asante
|
Batting: RHB Chef Belew
|
0-0: Swinging Strike 0-1: Ball 1-1: Ball 2-1: Ball 3-1: Base on Balls
|
Batting: SHB Lance Franklin
|
0-0: Ball 1-0: Ball 2-0: Called Strike 2-1: Ball 3-1: Fly out, F8 (Line Drive, 8LM, EV 86.2 MPH)
|
Batting: RHB Josh Hensley
|
0-0: Ball 1-0: Ball 2-0: Fly out, F8 (Flyball, 8LXD, EV 91.2 MPH)
|
Batting: SHB Pete Barutha
|
0-0: Ground out 6-3 (Groundball, 6S, EV 83.1 MPH)
|
Top of the 3rd over - 0 runs, 0 hits, 0 errors, 1 left on base; Philadelphia 2 - Washington 2 |
BOTTOM OF THE 3RD |
Washington Nationals batting - Pitching for Philadelphia Phillies : RHP Sean Hill
|
Batting: RHB Hisayuki Akiyama
|
0-0: Bunt for hit to 15 - play at first, batter safe!
|
Batting: LHB Kyung-jin Cho
|
0-0: Ball 1-0: SINGLE (Groundball, 25, EV 65.6 MPH) (infield hit) Hisayuki Akiyama to second
|
Batting: LHB Jeff Luvisi
|
0-0: Foul Ball, location: 2F 0-1: Called Strike 0-2: Ball 1-2: Ball 2-2: Grounds into double play, 4-6-3 (Groundball, 4MD, EV 99.4 MPH) Hisayuki Akiyama to third
|
Batting: LHB Alexis Cantu
|
0-0: Called Strike 0-1: Swinging Strike 0-2: Strikes out swinging
|
Bottom of the 3rd over - 0 runs, 2 hits, 0 errors, 1 left on base; Philadelphia 2 - Washington 2 |
TOP OF THE 4TH |
Philadelphia Phillies batting - Pitching for Washington Nationals : LHP Jaden Asante
|
Batting: LHB Ryan Trombley
|
0-0: SINGLE (Line Drive, 4M, EV 100.0 MPH)
|
Batting: LHB Nick Canizales
|
0-0: Ball 1-0: Called Strike 1-1: Ball 2-1: Ball Ryan Trombley steals 2nd base 3-1: Called Strike 3-2: Ground out 6-3 (Groundball, 6, EV 101.2 MPH)
|
Batting: LHB Jim Beaver
|
0-0: Ball 1-0: DOUBLE (Groundball, 3L, EV 95.0 MPH) Ryan Trombley scores
|
Batting: LHB Eric Katz
|
0-0: Ball 1-0: Called Strike 1-1: SINGLE (Flyball, 8RS, EV 86.2 MPH) Jim Beaver to third Runner from 3rd tries for Home, throw by CF and OUT! 8-2
|
Batting: RHB Tommie Eaton
|
0-0: Ball Wild Pitch! Eric Katz to second 1-0: Fly out, F7 (Flyball, 7, EV 90.0 MPH)
|
Top of the 4th over - 1 run, 3 hits, 0 errors, 1 left on base; Philadelphia 3 - Washington 2 |
BOTTOM OF THE 4TH |
Washington Nationals batting - Pitching for Philadelphia Phillies : RHP Sean Hill
|
Batting: RHB Jesse Basich
|
0-0: SOLO HOME RUN (Flyball, 78XD, EV 102.5 MPH), Distance : 414 ft
|
Batting: RHB Dan Fallon
|
0-0: Ball 1-0: Called Strike 1-1: Ball 2-1: SINGLE (Groundball, 34D, EV 103.1 MPH)
|
Batting: LHB Dillon Gonzalez
|
0-0: Foul Ball, location: 2F 0-1: Ball 1-1: Foul Ball, location: 2F 1-2: Ball 2-2: SINGLE (Line Drive, 7S, EV 99.4 MPH) Dan Fallon to second
|
Batting: RHB Justin Bonner
|
0-0: Foul Ball, location: 2F 0-1: DOUBLE (Line Drive, 78M, EV 91.9 MPH) Dan Fallon scores Dillon Gonzalez to third Runner from 3rd tries for Home, SAFE, no throw by CF
|
Pitching: RHP Ben Clayton
|
|
Batting: RHB Takanibu Kaneshiro
|
0-0: Ball 1-0: Called Strike 1-1: Fly out, F7 (Flyball, 7LMF, EV 86.2 MPH)
|
Batting: RHB Hisayuki Akiyama
|
0-0: SINGLE (Groundball, 56S, EV 71.9 MPH) (infield hit) Justin Bonner to third
|
Batting: LHB Kyung-jin Cho
|
0-0: Ball 1-0: Foul Ball, location: 2F 1-1: Ball 2-1: Ball 3-1: Called Strike 3-2: Strikes out swinging
|
Batting: LHB Jeff Luvisi
|
0-0: Called Strike 0-1: Swinging Strike 0-2: Ball 1-2: Strikes out looking
|
Bottom of the 4th over - 3 runs, 5 hits, 0 errors, 2 left on base; Philadelphia 3 - Washington 5 |
TOP OF THE 5TH |
Philadelphia Phillies batting - Pitching for Washington Nationals : LHP Jaden Asante
|
Batting: RHB Chef Belew
|
0-0: Fly out, F9 (Line Drive, 9, EV 105.0 MPH)
|
Batting: SHB Lance Franklin
|
0-0: Called Strike 0-1: Swinging Strike 0-2: Foul Ball, location: 2F 0-2: Ball 1-2: Strikes out swinging
|
Batting: RHB Josh Hensley
|
0-0: Ball 1-0: Foul Ball, location: 2F 1-1: Ball 2-1: Ball 3-1: Ground out 1-3 (Groundball, 13, EV 69.4 MPH)
|
Top of the 5th over - 0 runs, 0 hits, 0 errors, 0 left on base; Philadelphia 3 - Washington 5 |
BOTTOM OF THE 5TH |
Washington Nationals batting - Pitching for Philadelphia Phillies : RHP Ben Clayton
|
Batting: LHB Alexis Cantu
|
0-0: Ball 1-0: Swinging Strike 1-1: Swinging Strike 1-2: Strikes out looking
|
Batting: RHB Jesse Basich
|
0-0: Fly out, F7 (Flyball, BS3, EV 115.6 MPH)
|
Batting: RHB Dan Fallon
|
0-0: Called Strike 0-1: Ball 1-1: Ball 2-1: Ground out 4-3 (Groundball, 4, EV 86.2 MPH)
|
Bottom of the 5th over - 0 runs, 0 hits, 0 errors, 0 left on base; Philadelphia 3 - Washington 5 |
TOP OF THE 6TH |
Philadelphia Phillies batting - Pitching for Washington Nationals : LHP Jaden Asante
|
Batting: SHB Pete Barutha
|
0-0: Ball 1-0: Swinging Strike 1-1: Fly out, F8 (Flyball, 8LXD, EV 91.2 MPH)
|
Batting: LHB Ryan Trombley
|
0-0: Called Strike 0-1: Foul Ball, location: 2F 0-2: SINGLE (Groundball, 4MD, EV 97.5 MPH)
|
Batting: LHB Nick Canizales
|
0-0: Ball 1-0: Fielders Choice at 2nd, 3-6 (Groundball, 23, EV 87.5 MPH)
|
Batting: LHB Jim Beaver
|
0-0: Ball Nick Canizales is caught stealing 2nd base 2-6
|
Top of the 6th over - 0 runs, 1 hit, 0 errors, 0 left on base; Philadelphia 3 - Washington 5 |
BOTTOM OF THE 6TH |
Washington Nationals batting - Pitching for Philadelphia Phillies : RHP Ben Clayton
|
Batting: LHB Dillon Gonzalez
|
0-0: Ball 1-0: Ball 2-0: Called Strike 2-1: Ball 3-1: DOUBLE (Line Drive, 7LD, EV 110.0 MPH)
|
Batting: RHB Justin Bonner
|
0-0: Ball 1-0: Ball 2-0: Ground out 4-3 (Groundball, 4MD, EV 95.0 MPH) Dillon Gonzalez to third
|
Batting: RHB Takanibu Kaneshiro
|
0-0: Ball 1-0: Called Strike 1-1: Called Strike 1-2: Strikes out looking
|
Pitching: RHP Nick Turner
|
|
Batting: RHB Hisayuki Akiyama
|
0-0: Ball 1-0: Called Strike 1-1: Ball 2-1: Foul Ball, location: 2F 2-2: Fly out, F8 (Flyball, 8RXD, EV 108.8 MPH)
|
Bottom of the 6th over - 0 runs, 1 hit, 0 errors, 1 left on base; Philadelphia 3 - Washington 5 |
TOP OF THE 7TH |
Philadelphia Phillies batting - Pitching for Washington Nationals : LHP Jaden Asante
|
Batting: LHB Jim Beaver
|
0-0: Called Strike 0-1: Ball 1-1: Ground out 4-3 (Groundball, 4, EV 92.5 MPH)
|
Batting: LHB Eric Katz
|
0-0: Ball 1-0: Ball 2-0: Ground out 5-3 (Groundball, 5, EV 101.9 MPH)
|
Batting: RHB Tommie Eaton
|
0-0: Called Strike 0-1: Swinging Strike 0-2: Ball 1-2: Foul Ball, location: 2F 1-2: Strikes out swinging
|
Top of the 7th over - 0 runs, 0 hits, 0 errors, 0 left on base; Philadelphia 3 - Washington 5 |
BOTTOM OF THE 7TH |
Washington Nationals batting - Pitching for Philadelphia Phillies : RHP Nick Turner
|
Batting: LHB Kyung-jin Cho
|
0-0: Called Strike 0-1: Ball 1-1: Called Strike 1-2: Strikes out looking
|
Batting: LHB Jeff Luvisi
|
0-0: Ball 1-0: Foul Ball, location: 2F 1-1: Called Strike 1-2: Ball 2-2: Ball 3-2: Fly out, F8 (Flyball, 8RM, EV 94.4 MPH)
|
Batting: LHB Alexis Cantu
|
0-0: Called Strike 0-1: Swinging Strike 0-2: Strikes out swinging
|
Bottom of the 7th over - 0 runs, 0 hits, 0 errors, 0 left on base; Philadelphia 3 - Washington 5 |
TOP OF THE 8TH |
Philadelphia Phillies batting - Pitching for Washington Nationals : LHP Jaden Asante
|
Pitching: RHP Travis Plesz
|
|
Now at 1B: Jesse Basich
|
|
Now at 3B: Masashi Yukizawa
|
|
Batting: RHB Chef Belew
|
0-0: Foul Ball, location: 2F 0-1: Ball 1-1: Called Strike 1-2: Foul Ball, location: 2F 1-2: SOLO HOME RUN (Flyball, 7D, EV 95.6 MPH), Distance : 375 ft
|
Batting: SHB Lance Franklin
|
0-0: Ball 1-0: SINGLE (Line Drive, 6D, EV 98.8 MPH)
|
Pinch Hitting: LHB Danny Hill
|
0-0: Called Strike 0-1: Swinging Strike 0-2: Ball 1-2: Ball 2-2: DOUBLE (Flyball, 89XD, EV 108.1 MPH) Lance Franklin to third
|
Batting: SHB Pete Barutha
|
0-0: Ball 1-0: Foul Ball, location: 2F 1-1: Called Strike 1-2: Foul Ball, location: 2F 1-2: Ball 2-2: Strikes out looking
|
Batting: LHB Ryan Trombley
|
0-0: Foul Ball, location: 2F 0-1: Called Strike 0-2: Foul Ball, location: 2F 0-2: Strikes out swinging
|
Batting: LHB Nick Canizales
|
0-0: Ball 1-0: Ball 2-0: Called Strike 2-1: SINGLE (Line Drive, 3D, EV 106.2 MPH) Lance Franklin scores Danny Hill to third Runner from 3rd tries for Home, throw by RF and OUT! 9-2
|
Top of the 8th over - 2 runs, 4 hits, 0 errors, 1 left on base; Philadelphia 5 - Washington 5 |
BOTTOM OF THE 8TH |
Washington Nationals batting - Pitching for Philadelphia Phillies : RHP Nick Turner
|
Pitching: RHP Brian Thomas
|
|
Now at 1B: Jean-François Bernard
|
|
Batting: RHB Jesse Basich
|
0-0: Foul Ball, location: 2F 0-1: Swinging Strike 0-2: Foul Ball, location: 2F 0-2: Ball 1-2: Ground out 5-3 (Groundball, 56, EV 106.9 MPH)
|
Batting: RHB Masashi Yukizawa
|
0-0: Ground out 6-3 (Groundball, 56, EV 88.1 MPH)
|
Batting: LHB Dillon Gonzalez
|
0-0: Foul Ball, location: 2F 0-1: Swinging Strike 0-2: Foul Ball, location: 2F 0-2: Ball 1-2: Ball 2-2: Foul Ball, location: 2F 2-2: Strikes out swinging
|
Bottom of the 8th over - 0 runs, 0 hits, 0 errors, 0 left on base; Philadelphia 5 - Washington 5 |
TOP OF THE 9TH |
Philadelphia Phillies batting - Pitching for Washington Nationals : RHP Travis Plesz
|
Pitching: LHP Keith Pratt
|
|
Batting: LHB Jim Beaver
|
0-0: Called Strike 0-1: Foul Ball, location: 2F 0-2: SOLO HOME RUN (Line Drive, 89XD, EV 100.6 MPH), Distance : 414 ft
|
Batting: LHB Eric Katz
|
0-0: Ball 1-0: Ball 2-0: Ground out 4-3 (Groundball, 4, EV 88.8 MPH)
|
Batting: RHB Tommie Eaton
|
0-0: Called Strike 0-1: Ball 1-1: Ball 2-1: Ball 3-1: Called Strike 3-2: SINGLE (Groundball, 56D, EV 105.6 MPH)
|
Batting: RHB Chef Belew
|
0-0: Foul Ball, location: 2F 0-1: Swinging Strike 0-2: Foul Ball, location: 2F 0-2: Foul Ball, location: 2F 0-2: Ball 1-2: Grounds into double play, 4-6-3 (Groundball, 4, EV 85.6 MPH)
|
Top of the 9th over - 1 run, 2 hits, 0 errors, 0 left on base; Philadelphia 6 - Washington 5 |
BOTTOM OF THE 9TH |
Washington Nationals batting - Pitching for Philadelphia Phillies : RHP Brian Thomas
|
Pitching: RHP Josh Cornishen
|
|
Batting: RHB Justin Bonner
|
0-0: Swinging Strike 0-1: Fly out, F9 (Flyball, 89M, EV 72.5 MPH)
|
Batting: RHB Takanibu Kaneshiro
|
0-0: Foul Ball, location: 2F 0-1: Ball 1-1: Ground out 6-3 (Groundball, 6, EV 79.4 MPH)
|
Batting: RHB Hisayuki Akiyama
|
0-0: Ball 1-0: Called Strike 1-1: Swinging Strike 1-2: Ball 2-2: Strikes out swinging
|
Bottom of the 9th over - 0 runs, 0 hits, 0 errors, 0 left on base; Philadelphia 6 - Washington 5 |
|